 Dungeon Crawl Stone Soup version 0.29-a0-330-g52719c12eb (webtiles) character file.

Game seed: 7991446010121013622

427 kae the Firebug (level 6, 0/41 HPs)
             Began as an Octopode Fire Elementalist on Apr 16, 2022.
             Slain by an orc
             ... wielding a +0 trident
              (4 damage)
             ... on level 4 of the Dungeon.
             The game lasted 00:01:44 (4118 turns).

kae the Firebug (Octopode Fire Elementalist)        Turns: 4118, Time: 00:01:45

Health: 0/41       AC:  1    Str:  7    XL:     6   Next: 97%
Magic:  10/10      EV: 13    Int: 20    God:
Gold:   251        SH:  0    Dex: 12    Spells: 1/11 levels left

rFire   . . .      SeeInvis .   c - +2 spear (venom)
rCold   . . .      Faith    .   (no shield)
rNeg    . . .      Spirit   .   (helmet restricted)
rPois   .          Reflect  .   (no amulet)
rElec   .          Harm     .   d - ring of resist corrosion
rCorr   +          Rampage  .   (no ring)
Will    .....                   (no ring)
Stlth   ++++......              (no ring)
HPRegen 0.13/turn               (no ring)
MPRegen 0.12/turn               (no ring)
                                (no ring)
                                (no ring)

@: no status effects
A: almost no armour, amphibious, 8 rings, camouflage 1, gelatinous body 1,
(nimble swimmer 1), tentacles
a: no special abilities


You were on level 4 of the Dungeon.
You visited 1 branch of the dungeon, and saw 4 of its levels.

You collected 251 gold pieces.

Inventory:

Hand Weapons
 c - a +2 spear of venom (weapon)
Missiles
 p - a throwing net
Jewellery
 d - a ring of resist corrosion (left tentacle)
Wands
 o - a wand of flame (14)
Scrolls
 e - a scroll of enchant weapon
 h - 2 scrolls of teleportation {unknown}
 i - 4 scrolls of identify
 j - a scroll of silence {unknown}
 k - a scroll of immolation {unknown}
 l - a scroll of vulnerability {unknown}
 q - a scroll of fear {unknown}
 s - a scroll of fog {unknown}
Potions
 a - a potion of magic
 b - a potion of heal wounds {unknown}
 f - 3 potions of curing
 g - a potion of lignification
 m - 2 potions of haste {unknown}
 n - a potion of berserk rage {unknown}
 r - a potion of ambrosia {unknown}


   Skills:
 + Level 2.4 Fighting
 + Level 3.2 Dodging
 + Level 4.4 Stealth
 + Level 3.0 Spellcasting
 + Level 2.5 Conjurations
 * Level 4.7 Fire Magic


You had one spell level left.
You knew the following spells:

 Your Spells              Type           Power      Damage    Failure   Level
a - Foxfire               Conj/Fire      68%        2x1d7     3%          1
b - Scorch                Fire           44%        2d7       3%          2
c - Apportation           Tloc           6%         N/A       14%         1
d - Conjure Flame         Conj/Fire      17%        6-21      10%         3
e - Inner Flame           Hex/Fire       12%        N/A       16%         3

Your spell library contained the following spells:

 Spells                   Type           Power      Damage    Failure   Level
 Flame Wave               Conj/Fire      17%        2d6       30%         4
 Alistair's Intoxication  Tmut/Pois      2%         N/A       98%         5


Dungeon Overview and Level Annotations

Branches:
Dungeon (4/15)
 Temple: D:4-7

Altars:

Shops:
D:1 [

Annotations:
D:3 1 runed translucent door, Crazy Yiuf
D:4 Eustachio


Innate Abilities, Weirdness & Mutations

You cannot wear most types of armour.
You are amphibious.
You can wear up to eight rings at the same time.
Your skin changes colour to match your surroundings (Stealth+).
Your rubbery body absorbs attacks. (AC +1, EV +1)
((You are camouflaged when in or above water. (Stealth+)))
You have tentacles for arms and can constrict up to eight enemies at once.


Message History

You start resting.
You feel sick. x7
You are no longer poisoned.
You start resting.
Magic restored.
An orc comes into view. It is wielding a +0 short sword.
You see here a scorpion corpse.
You close the door.
You are too injured to fight recklessly!
You are too injured to fight recklessly! 3 orcs come into view.
There are monsters nearby!
There are monsters nearby!
There are monsters nearby!
The orc moves out of view.
The orc shouts!
You hear a shout!
Reach: c) +2 spear (venom)
Press: ? - help, Dir - move target, f - orc
Aim: an orc, wielding a +0 short sword (about 37% to evade your +2 spear of venom)
You reach to attack!
You closely miss the orc.
The orc shouts!
You hit the orc but do no damage. Your grab misses the orc.
The orc hits you with a +0 short sword!
You hit the orc.
The orc is poisoned.
You grab the orc.
The orc is heavily wounded.
You constrict the orc. The orc hits you with a +0 short sword.
You barely miss the orc.
The orc is severely wounded.
You constrict the orc.
You kill the orc!
The orc hits you from afar with a +0 trident.
* * * LOW HITPOINT WARNING * * *
The orc hits you with a +0 trident.
* * * LOW HITPOINT WARNING * * *
You see here a +0 short sword.
You feel better. The orc hits you with a +0 trident!
* * * LOW HITPOINT WARNING * * *
You hit the orc. Your grab misses the orc.
The orc is severely wounded.
The orc hits you with a +0 trident.
You die...

#......# #####)o...#
#### #......##.#
####... #....#.##.#
....... #....#.##.#
....... #....#..#.#
....... #.o..##.#.#
.......####....##...#
........@oo.........#
......!####....###..#
....... #....###..###
####### ####........#
#........###
#.......†...
#.....>.....
########.... ###
#....


You could see 2 orcs.

Vanquished Creatures
  Sigmund (D:3)
  A scorpion (D:4)
  A howler monkey (D:4)
  4 gnolls
  7 adders
  2 worms (D:2)
  A dart slug (D:2)
  6 orcs
  7 endoplasms
  3 giant cockroaches
  4 goblins
  7 hobgoblins
  4 jackals (D:1)
  A kobold (D:3)
  A quokka (D:2)
  3 ball pythons
  3 bats (D:2)
  5 rats
61 creatures vanquished.

Vanquished Creatures (others)
  81 foxfires
81 creatures vanquished.

Grand Total: 142 creatures vanquished

Notes
Turn   | Place    | Note
-------+----------+-------------------------------------------
     0 | D:1      | kae the Octopode Fire Elementalist began the quest for the
                  | Orb.
     0 | D:1      | Reached XP level 1. HP: 11/11 MP: 3/3
   220 | D:1      | Reached XP level 2. HP: 18/18 MP: 3/5
   622 | D:1      | Found Taut's Armour Boutique.
   863 | D:1      | Reached XP level 3. HP: 13/22 MP: 6/6
  1397 | D:2      | Learned a level 2 spell: Scorch
  1399 | D:2      | Learned a level 1 spell: Apportation
  1535 | D:2      | Identified the +7 trident of Ru's Anger {antimagic, *Slow
                  | rElec rPois Str+4}
  1824 | D:2      | Reached skill level 1 in Fighting
  1824 | D:2      | Reached XP level 4. HP: 28/28 MP: 7/7
  2570 | D:3      | Noticed Sigmund
  3094 | D:3      | Killed Sigmund
  3095 | D:3      | Reached XP level 5. HP: 34/34 MP: 3/9
  3095 | D:3      | Reached XP level 6. HP: 39/39 MP: 3/10
  3296 | D:3      | Learned a level 3 spell: Conjure Flame
  3369 | D:3      | Learned a level 3 spell: Inner Flame
  3551 | D:3      | Found a runed translucent door.
  3552 | D:3      | Noticed Crazy Yiuf
  3800 | D:4      | Noticed Eustachio
  4118 | D:4      | Slain by an orc

Illustrated notes

Levels and vault maps discovered:
D:1:      dpeg_arrival_chambers_temple_mockup, layout_loops_ring, serial_forest,
          infiniplex_forest_straight_2, infiniplex_forest_straight_3,
          infiniplex_forest_corner_2, infiniplex_forest_straight_4,
          infiniplex_forest_clump_diagonal, infiniplex_forest_side_room,
          infiniplex_forest_clump_C, serial_shops, nicolae_lakefront_shop,
          minmay_misc_feat_rugged, kennysheep_pointless_box,
          serial_bayou_crossing
D:2:      minmay_chambers_of_twos, layout_basic
D:3:      layout_rooms, minmay_fractal_squares_gapless_5, uniq_sigmund,
          uniq_crazy_yiuf_cottage
D:4:      layout_basic, uniq_eustachio

Skill      XL: |  1  2  3  4  5  6 |
---------------+-------------------+-----
Stealth        | 3 4 |  4.4
Fighting       | 1 2 |  2.4
Dodging        | 3 |  3.2
Conjurations   | 2 |  2.5
Fire Magic     | 4 |  4.7
Spellcasting   | 3 |  3.0

Action                   |  1- 3 |  4- 6 || total
-------------------------+-------+-------++-------
Melee: Unarmed           |     4 |       ||     4
       Constrict         |    14 |    10 ||    24
       Spear             |    57 |    52 ||   109
       Tentacles         |     9 |     7 ||    16
       Punch             |     1 |       ||     1
 Cast: Foxfire           |     2 |    46 ||    48
  Use: Scroll            |     4 |       ||     4
       Potion            |       |     1 ||     1
 Stab: Sleeping          |     7 |     7 ||    14
       Distracted        |       |     1 ||     1
Armor: Skin              |     2 |     2 ||     4
Dodge: Dodged            |    18 |    17 ||    35

Table legend: (Time is in decaauts)
 A = Elapsed time spent in this place.
 B = Non-inter-level travel time spent in this place.
 C = Inter-level travel time spent in this place.
 D = Time resting spent in this place.
 E = Time spent auto-exploring this place.
 F = Levels seen in this place.
 G = Mean time per level.
                   A        B        C        D        E       F      G
               +--------+--------+--------+--------+--------+-----+--------+
         Total |   4130 |   3928 |    202 |    475 |   2993 |   4 | 1032.5 |
       Dungeon |   4130 |   3928 |    202 |    475 |   2993 |   4 | 1032.5 |
               +--------+--------+--------+--------+--------+-----+--------+

Top non-repeatable levels by time:
     D:2: 1733 daAuts
     D:1: 1280 daAuts
     D:3: 825 daAuts
     D:4: 290 daAuts
